 Dungeon Crawl Stone Soup version 0.19-a0-1019-g9c6a58d (webtiles) character file.

23662 4thArraOfDagon the Severer (level 13, -11/116 HPs)
             Began as a Hill Orc Monk on July 24, 2016.
             Was a High Priest of Hepliaklqana.
             Mangled by a dire elephant simulacrum (16 damage)
             ... in an ice cave on July 25, 2016.
             The game lasted 00:39:12 (6058 turns).

4thArraOfDagon the Severer (Hill Orc Monk)          Turns: 6058, Time: 00:39:13

Health: -11/116    AC: 25    Str: 18    XL:     13   Next: 8%
Magic:  20/20      EV:  6    Int: 14    God:    Hepliaklqana [*****.]
Gold:   321        SH:  4    Dex: 13    Spells: 0 memorised, 12 levels left

rFire  + + .     SeeInvis .     C - +2 broad axe (drain)
rCold  + + .     Gourm    .     G - +2 plate armour {rF+}
rNeg   . . .     Faith    .     B - +1 buckler {rC+}
rPois  .         Spirit   .     s - +2 helmet
rElec  +         Dismiss  .     D - +2 cloak of the Planets {rF+}
rCorr  .         Reflect  .     j - +0 pair of gloves
SustAt .         Harm     +     q - +2 pair of boots
MR     .....     Rnd*Rage +     g - amulet "Gulio" {Harm *Corrode *Drain rElec rC+ Slay+5}
Stlth  ..........               L - +3 ring of strength
                                K - ring of loudness (curse)

@: flying, not resistant to hostile enchantments, extremely unstealthy
A: thin metallic scales 1, berserk 1, deformed body, subdued magic 1
a: Recall Ancestor, Ancestor Identity, Transference, Idealise, Renounce Religion


You were in an ice cave.
You worshipped Hepliaklqana.
Hepliaklqana was extremely pleased with you.
You were not hungry.

You visited 4 branches of the dungeon, and saw 16 of its levels.
You also visited: Labyrinth and Ice Cave.

You collected 1134 gold pieces.
You spent 813 gold pieces at shops.

Inventory:

Hand Weapons
 a - a +0 hand axe
 y - a +0 battleaxe of flaming
 C - a +2 broad axe of draining (weapon)
 F - the +4 flail of Hoiprodd {flame, rC+ rN+ Stlth+}
   (You found it on level 7 of the Dungeon)

   It has been specially enchanted to burn those struck by it, causing extra
   injury to most foes and up to half again as much damage against particularly
   susceptible opponents.
   It protects you from cold.
   It protects you from negative energy.
   It makes you more stealthy.
Armour
 b - a +0 robe
 j - a +0 pair of gloves (worn)
 q - a +2 pair of boots (worn)
 s - a +2 helmet (worn)
 w - a +0 plate armour
 A - the +1 robe of Integrity {Str+6}
   (You found it on level 5 of the Dungeon)

   It affects your strength (+6).
 B - a +1 buckler of cold resistance (worn)
 D - the +2 cloak of the Planets (worn) {rF+}
   (You found it on level 7 of the Dungeon)

   It protects you from fire.
 G - a +2 plate armour of fire resistance (worn)
Rods
 E - a +0 iron rod (12/12)
   (You found it on level 7 of the Dungeon)
 I - a +2 iron rod (12/12)
   (You found it in a labyrinth)
 J - a +5 lightning rod (9/9)
   (You found it in a labyrinth)
Jewellery
 g - the amulet "Gulio" (around neck) {Harm *Corrode *Drain rElec rC+ Slay+5}
   (You found it on level 4 of the Dungeon)

   [amulet of harm]

   It increases damage dealt and taken.
   It affects your accuracy and damage with ranged weapons and melee attacks
   (+5).
   It protects you from cold.
   It insulates you from electricity.
   It may corrode you when you take damage.
   It causes draining when unequipped.
 k - a cursed amulet of inaccuracy {unknown}
 K - a cursed ring of loudness (left hand)
 L - a +3 ring of strength (right hand)
 R - an uncursed ring of magical power
Wands
 d - a wand of disintegration (13/24)
 e - a wand of confusion (15/48)
 n - a wand of iceblast (8/15)
 u - a wand of teleportation (5/9)
 x - a wand of digging (10/24)
 H - a wand of lightning (3/15)
 M - a wand of iceblast (5/15)
Scrolls
 l - a scroll of recharging {unknown}
 o - a scroll of fog
 r - 2 scrolls of acquirement {unknown}
 t - a scroll of amnesia
Potions
 f - a potion of lignification
 h - a potion of ambrosia
 i - a potion of curing
 m - a potion of brilliance
 p - a potion of flight
 v - 5 potions of might
 z - a potion of haste
Miscellaneous
 N - 2 boxes of beasts
 O - a fan of gales
Comestibles
 c - 4 bread rations


   Skills:
 + Level 11.6 Fighting
 * Level 16.8 Axes
 + Level 10.2 Armour
 - Level 2.4 Dodging
 - Level 1.5 Stealth
 + Level 10.0 Invocations
 + Level 7.4 Evocations


You had 12 spell levels left.
You didn't know any spells.

Dungeon Overview and Level Annotations

Branches:
Dungeon (12/15)            Temple (1/1) D:4            Lair (0/6) D:11
    Orc (2/2) D:11            Elf (1/3) Orc:2

Altars:
Ashenzari
Dithmenos
Gozag
Hepliaklqana
Kikubaaqudgha
Qazlal
Trog
Vehumet
Yredelemnul
Beogh

Shops:
D:4 !=}[(   Orc:2 }!?(

Annotations:
D:3 Multipenetrator's ghost, amateur FoEE
D:5 Grinder
D:11 Erolcha IceCv exclusion: ice statue


Innate Abilities, Weirdness & Mutations

You are partially covered in thin metallic scales. (AC +2)
You tend to lose your temper in combat.
Armour fits poorly on your strangely shaped body.
Your spells are a little easier to cast, but a little less powerful.


Message History

You resist.
The dire elephant simulacrum trunk-slaps you but does no damage.
Unknown command.
You slash the dire elephant simulacrum!
The dire elephant simulacrum tramples you!
* * * LOW HITPOINT WARNING * * *
The dire elephant simulacrum freezes you!
You resist.
* * * LOW HITPOINT WARNING * * *
The dire elephant simulacrum trunk-slaps you but does no damage.
Unknown command.
You hit the dire elephant simulacrum but do no damage.
Unknown command.
Unknown command.
You hit the dire elephant simulacrum but do no damage.
The dire elephant simulacrum tramples you!
* * * LOW HITPOINT WARNING * * *
The dire elephant simulacrum freezes you!
You resist.
You die... #.## #..#≈## #.## ..#.≈ ##.### #..# ##.##≈ ##..# ZZ.

#..##≈##...#
#.4#
#.###≈≈.#..#
#...#
#.####≈##.##
.45#
##.##.≈##.###..#
#.#.#≈≈##@#.ZZ#
#...##≈##Z#.5#
##.#.#≈≈#5..#
#.##.##≈##.##
##.##.#≈≈###
##.#..##≈#
##.##.## ≈#
#..#..# #.##.##


You could see a dire elephant simulacrum and an ufetubus.

Vanquished Creatures
  A minotaur (Lab)
  4 ogre magi (Orc:2)
  An orc high priest (Orc:2)
  A tengu warrior (D:11)
  Urug (D:11)
  Nergalle (Orc:2)
  5 orc sorcerers (Orc:2)
  An ugly thing (D:12)
  4 deep elf magi (Elf:1)
  A cyclops (D:12)
  2 freezing wraiths (IceCv)
  4 ice devils (IceCv)
  2 trolls (Orc:2)
  6 anaconda simulacra (IceCv)
  The ghost of Gagarin the Shooter, an amateur CeHu (D:5)
  An air elemental (Elf:1)
  2 shadows (Lab)
  6 yaks
  Grum (D:11)
  A death yak simulacrum (IceCv)
  An iron troll simulacrum (IceCv)
  2 harpy simulacra (IceCv)
  A water moccasin (D:8)
  2 hydra simulacra (IceCv)
  6 orc warriors
  An alligator simulacrum (IceCv)
  4 ice beasts
  4 wolves
  12 ogres
  3 giant frogs
  3 scorpions
  3 killer bees
  A troll skeleton (Lab)
  A spriggan skeleton (Lab)
  8 wights (D:11)
  A howler monkey (D:5)
  7 crimson imps
  4 hounds
  2 centaur zombies
  A draconian simulacrum (IceCv)
  2 jellies
  9 orc priests
  18 orc wizards
  A gnoll shaman (Orc:1)
  A centaur skeleton (Lab)
  An iguana (D:9)
  2 troll simulacra (IceCv)
  3 worker ants
  3 spriggan simulacra (IceCv)
  A polar bear simulacrum (IceCv)
  3 sheep (D:12)
  3 centaur simulacra (IceCv)
  An ogre skeleton (Lab)
  A hound skeleton (D:8)
  15 gnolls
  A naga simulacrum (IceCv)
  7 adders
  An ogre simulacrum (IceCv)
  A shadow imp (D:12)
  12 white imps
  A worker ant simulacrum (D:8)
  4 ufetubi (IceCv)
  An ooze (D:5)
  2 worms
  2 dart slugs
  5 giant geckos
  25 orcs
  A giant cockroach (D:3)
  2 goblins
  4 hobgoblins
  4 jackals
  2 ball pythons
  4 bats
  A giant gecko zombie (D:6)
  A giant newt (D:3)
  3 kobolds
  4 rats
265 creatures vanquished.

Vanquished Creatures (collateral kills)
  A stone giant (Orc:2)
  An orc sorcerer (Orc:2)
  An ice devil (IceCv)
  An orc warrior (D:9)
  2 phantoms
  An ice beast (D:5)
  2 killer bees
  2 crimson imps
  A hound (D:9)
  An orc priest (Orc:1)
  An iguana (D:4)
  A worker ant (D:5)
  4 orc wizards
  A sheep (D:12)
  4 adders
  3 gnolls
  6 orcs
  A giant cockroach (D:3)
  A jackal (D:2)
  A quokka zombie (D:7)
36 creatures vanquished.

Vanquished Creatures (others)
  10 hexers
10 creatures vanquished.

Grand Total: 311 creatures vanquished

Notes
Turn   | Place    | Note
-------+----------+-------------------------------------------
     0 | D:1      | 4thArraOfDagon the Hill Orc Monk began the quest for the Orb.
     0 | D:1      | Reached XP level 1. HP: 19/19 MP: 1/1
   149 | D:3      | Reached XP level 2. HP: 19/27 MP: 2/2
   157 | D:3      | Found a hazy altar of Hepliaklqana.
   160 | D:3      | Became a worshipper of Hepliaklqana
   160 | D:3      | Reached * piety under Hepliaklqana
   160 | D:3      | Reached ** piety under Hepliaklqana
   168 | D:3      | Remembered your ancestor KIAS as a hexer
   178 | D:4      | Got a faintly glowing diamond amulet
   182 | D:4      | Identified the amulet "Gulio" {Harm *Corrode *Drain rElec rC+ Slay+5} (You found it on level 4 of the Dungeon)
   184 | D:4      | Noticed a phantom
   187 | D:4      | Found a staircase to the Ecumenical Temple.
   205 | Temple   | Entered the Ecumenical Temple
   313 | D:5      | Entered Level 5 of the Dungeon
   313 | D:5      | Noticed a howler monkey
   316 | D:5      | Killed a howler monkey
   316 | D:5      | Reached skill level 5 in Axes
   316 | D:5      | Reached skill level 1 in Armour
   316 | D:5      | Reached XP level 3. HP: 28/33 MP: 3/3
   318 | D:5      | Noticed an ice beast
   322 | D:5      | Noticed Gagarin's ghost (amateur CeHu)
   326 | D:4      | Noticed a scorpion
   340 | D:4      | Found Ziuleb's Weapon Shoppe.
   400 | D:3      | Found a shadowy altar of Dithmenos.
   434 | D:3      | Reached XP level 4. HP: 34/40 MP: 4/4
   456 | D:2      | Found an opulent altar of Gozag.
   628 | D:3      | Noticed Multipenetrator's ghost (amateur FoEE)
   831 | D:2      | Reached skill level 6 in Axes
   973 | D:4      | Reached XP level 5. HP: 42/47 MP: 5/5
   981 | D:4      | Found Soiqor's Distillery.
   994 | D:4      | Found Noanaon's Jewellery Emporium.
  1066 | D:4      | Reached XP level 6. HP: 55/55 MP: 6/6
  1088 | D:4      | Killed a phantom
  1088 | D:4      | Reached skill level 5 in Fighting
  1088 | D:4      | Reached skill level 7 in Axes
  1094 | D:4      | Found Xiqeal's Antique Armour Boutique.
  1105 | D:4      | Found Raruts's Gadget Shop.
  1115 | D:4      | Bought a glowing helmet for 85 gold pieces
  1488 | D:5      | Killed Gagarin's ghost
  1488 | D:5      | Reached skill level 8 in Axes
  1488 | D:5      | Reached XP level 7. HP: 53/62 MP: 7/7
  1519 | D:5      | Reached *** piety under Hepliaklqana
  1590 | D:6      | Reached skill level 9 in Axes
  1619 | D:6      | Reached XP level 8. HP: 63/70 MP: 8/8
  1706 | D:5      | Noticed Grinder
  1835 | D:5      | Reached skill level 5 in Armour
  1853 | D:5      | Reached skill level 10 in Axes
  1885 | D:5      | Got a distressingly furry robe
  2009 | D:4      | Bought a +1 broad axe of draining for 142 gold pieces
  2132 | D:7      | Found a stormy altar of Qazlal.
  2203 | D:7      | Got a heavily runed cloak
  2209 | D:7      | Identified the +2 cloak of the Planets {rF+} (You found it on level 7 of the Dungeon)
  2226 | D:7      | Reached skill level 11 in Axes
  2226 | D:7      | Reached XP level 9. HP: 76/79 MP: 9/9
  2258 | D:7      | Got a polished flail
  2261 | D:7      | Identified the +4 flail of Hoiprodd {flame, rC+ rN+ Stlth+} (You found it on level 7 of the Dungeon)
  2298 | D:7      | Found a shattered altar of Ashenzari.
  2363 | D:8      | Reached skill level 1 in Invocations
  2363 | D:8      | Reached skill level 1 in Evocations
  2379 | D:8      | Upgraded the game from 0.19-a0-1013-g40768a3 to 0.19-a0-1019-g9c6a58d
  2424 | D:8      | Identified the +1 robe of Integrity {Str+6} (You found it on level 5 of the Dungeon)
  2602 | D:8      | Reached skill level 12 in Axes
  2721 | D:8      | Reached **** piety under Hepliaklqana
  2863 | D:10     | Entered Level 10 of the Dungeon
  2892 | D:11     | Reached XP level 10. HP: 89/89 MP: 12/12
  2939 | D:11     | Found a labyrinth entrance.
  2950 | Lab      | Entered a labyrinth
  3311 | Lab      | Noticed a minotaur
  3316 | Lab      | Killed a minotaur
  3316 | Lab      | Reached skill level 13 in Axes
  3316 | Lab      | Reached skill level 5 in Invocations
  3430 | D:12     | Noticed a white ugly thing
  3436 | D:12     | Killed a white ugly thing
  3443 | D:12     | Gained mutation: You are partially covered in thin metallic scales. (AC +2) [mutagenic meat]
  3446 | D:12     | Gained mutation: You tend to lose your temper in combat. [mutagenic meat]
  3449 | D:12     | Gained mutation: Your spells are a little easier to cast, but a little less powerful. [mutagenic meat]
  3452 | D:12     | Gained mutation: Armour fits poorly on your strangely shaped body. [mutagenic meat]
  3505 | D:12     | Noticed a cyclops
  3517 | D:12     | Killed a cyclops
  3527 | D:12     | Found a bloodstained altar of Trog.
  3571 | D:11     | Noticed Urug
  3574 | D:11     | Killed Urug
  3608 | D:11     | Reached ***** piety under Hepliaklqana
  3610 | D:11     | Noticed a tengu warrior
  3619 | D:11     | Killed a tengu warrior
  3619 | D:11     | Reached XP level 11. HP: 70/97 MP: 15/15
  3665 | D:11     | Found a staircase to the Orcish Mines.
  3675 | D:11     | Reached skill level 14 in Axes
  3678 | D:11     | Noticed Grum
  3679 | D:11     | Reached skill level 5 in Evocations
  3684 | D:11     | Killed Grum
  3701 | D:11     | Noticed Erolcha
  3718 | Orc:1    | Entered Level 1 of the Orcish Mines
  3835 | Orc:1    | Noticed a stone giant
  3851 | Orc:1    | HP: 4/99 [stone giant/large rock (28)]
  4178 | Orc:1    | Found a roughly hewn altar of Beogh.
  4211 | Orc:2    | Entered Level 2 of the Orcish Mines
  4212 | Orc:2    | Found a staircase to the Elven Halls.
  4231 | Orc:2    | Noticed an orc sorcerer
  4401 | Orc:2    | Noticed a sun demon
  4404 | Orc:2    | Killed a stone giant
  4404 | Orc:2    | Reached skill level 10 in Fighting
  4408 | Orc:2    | Killed an orc sorcerer
  4638 | Orc:2    | Noticed an orc sorcerer
  4655 | Orc:2    | Killed an orc sorcerer
  4663 | Orc:2    | Noticed an orc sorcerer
  4679 | Orc:2    | Killed an orc sorcerer
  4720 | Orc:2    | Noticed an orc sorcerer
  4742 | Orc:2    | Killed an orc sorcerer
  4746 | Orc:2    | Reached skill level 15 in Axes
  4800 | Orc:2    | Noticed an ogre mage
  4800 | Orc:2    | Found Raugynk's Antique Weapon Boutique.
  4800 | Orc:2    | Noticed an ogre mage
  4806 | Orc:2    | Killed an ogre mage
  4810 | Orc:2    | Killed an ogre mage
  4810 | Orc:2    | Reached XP level 12. HP: 101/107 MP: 16/18
  4883 | Orc:2    | Found a radiant altar of Vehumet.
  4883 | Orc:2    | Noticed an ogre mage
  4909 | Orc:2    | Killed an ogre mage
  4927 | Orc:2    | Found Wiokaiqa's Magic Scroll Boutique.
  4929 | Orc:2    | Noticed an ogre mage
  4950 | Orc:2    | Killed an ogre mage
  4971 | Orc:2    | Found an ancient bone altar of Kikubaaqudgha.
  4971 | Orc:2    | Noticed Nergalle
  4990 | Orc:2    | Killed Nergalle
  5023 | Orc:2    | Noticed an orc high priest
  5046 | Orc:2    | Killed an orc high priest
  5127 | Orc:2    | Reached skill level 16 in Axes
  5137 | Orc:2    | Found a roughly hewn altar of Beogh.
  5137 | Orc:2    | Found Lohotuz's Distillery.
  5137 | Orc:2    | Found Jiggiopi's Gadget Shop.
  5155 | Orc:2    | Bought a potion of might for 52 gold pieces
  5155 | Orc:2    | Bought a potion of might for 52 gold pieces
  5155 | Orc:2    | Bought 2 potions of might for 104 gold pieces
  5169 | Orc:2    | Bought a wand of teleportation (5/9) for 378 gold pieces
  5251 | Elf:1    | Entered Level 1 of the Elven Halls
  5392 | Elf:1    | Found a frozen archway.
  5399 | IceCv    | Entered an ice cave
  5705 | IceCv    | Reached skill level 10 in Armour
  5942 | IceCv    | Reached XP level 13. HP: 98/116 MP: 20/20
  6048 | IceCv    | Reached skill level 10 in Invocations
  6058 | IceCv    | HP: 5/116 [dire elephant simulacrum (14)]
  6058 | IceCv    | Mangled by a dire elephant simulacrum

Vault maps used:
D:1:      lightli_arrival_windingriver
D:2:      overflow_temple_1_default, gammafunk_temple_overflow_forgotten,
          uniq_terence
D:3:      lemuel_doored_altar, nicolae_dithmenos_through_a_glass_darkly,
          grunt_ministairs_15
D:4:      first_bread, serial_shops, kennysheep_mini_moat, nicolae_shop_stone,
          shop, shop, kennysheep_mini, nrook_mini_backslash
D:5:      uniq_grinder
D:7:      grunt_qazlal_sundering, nicolae_overflow_crystal_walls
D:8:      tgw_xom, serial_ice, serial_ice_c, serial_ice_b, serial_ice_h,
          serial_ice_o, hangedman_pestilent_swarm, minmay_small_thing
D:11:     dpeg_oklobed_lair, orc_0_dummy, lab_entry_generic, uniq_grum,
          uniq_urug, uniq_erolcha
D:12:     minmay_stone_box, bloody_trog
Temple:   dshaligram_water_room_temple
Orc:1:    basic_altar
Orc:2:    kennysheep_orc_mage_school
Elf:1:    elf_arrival_002, portal_ice_cave_entry_pillars_2,
          hangedman_elf_represent
Lab:      nicolae_lab_swirl, labyrinth_fake_exit, nicolae_lab_big_swirl,
          nicolae_lab_dead_end, nicolae_lab_very_dead_end
IceCv:    ice_cave_caverns_01

Skill      XL: |  1  2  3  4  5  6  7  8  9 10 11 12 13 |
---------------+----------------------------------------+-----
Fighting       | 4 5 6 7 8 9 10 11 | 11.6
Axes           | 5 6 8 9 11 12 13 15 16 | 16.8
Armour         | 1 2 3 4 5 7 8 9 10 | 10.2
Invocations    | 3 6 8 9 10 | 10.0
Evocations     | 2 4 6 7 |  7.4
Dodging        | |  2.4
Stealth        | |  1.5

Action                   |  1- 3 |  4- 6 |  7- 9 | 10-12 | 13-15 || total
-------------------------+-------+-------+-------+-------+-------++-------
Melee: Hand axe          |    26 |   108 |   103 |       |       ||   237
       Broad axe         |       |       |   113 |   359 |    37 ||   509
Invok: Ancestor Life: He |     1 |       |       |       |       ||     1
       Recall Ancestor   |     2 |       |     3 |     1 |     1 ||     7
       Ancestor Identity |       |     2 |       |       |       ||     2
Evoke: Wand              |       |       |       |     2 |     1 ||     3
  Use: Scroll            |       |       |    10 |    14 |       ||    24
       Potion            |       |       |     1 |     6 |     1 ||     8
 Stab: Sleeping          |     1 |     3 |       |       |       ||     4
       Confused          |       |     3 |     6 |     2 |       ||    11
       Distracted        |       |     2 |     2 |     6 |     1 ||    11
  Eat: Chunk             |       |     2 |     5 |    11 |       ||    18
       Meat ration       |       |       |       |     1 |       ||     1
       Bread ration      |       |       |       |     1 |       ||     1
       Beef jerky        |       |       |       |     1 |       ||     1
Armor: Robe              |     3 |     5 |       |       |       ||     8
       Plate armour      |       |    16 |   152 |   237 |    24 ||   429
       Skin              |       |       |       |    14 |       ||    14
Dodge: Dodged            |    11 |    45 |    36 |    83 |     5 ||   180
Block: Buckler           |       |       |       |    41 |     5 ||    46
